Cogmind - Beta 11.1 @@@ ROGUE MODE // 2022.05.01 @ 20:56:18 Player: Olga Result: Self-destructed Performance ------------- Evolutions (5) 2500 Regions Visited (7) 1400 Robots Destroyed (15) 75 Value Destroyed (225) 225 Prototype IDs (1) 20 Alien Tech Used (0) 0 Bonus (700) 700 TOTAL SCORE: 4920 Bonus ------- Pacifist 200 Entered DSFs 500 Cogmind --------- Core Integrity 971/1000 Matter 290/300 Energy 83/265 System Corruption 0% Temperature Cool (8) Movement Flying (27) Location -5/Factory Parts ------- > --- POWER (1) -------- Improved Ion Engine > --- PROPULSION (4) --- Xenon Bombardment Thruster Improved Cesium-ion Thruster Improved Cesium-ion Thruster Improved Cesium-ion Thruster > --- UTILITY (10) ----- Advanced Visual Processing Unit Improved Sensor Array Advanced Terrain Scan Processor Advanced Terrain Scan Processor Seismic Detector Advanced Melee Analysis Suite Improved Propulsion Shielding Improved Propulsion Shielding Improved Medium Armor Plating > --- WEAPON (2) ------- Great Axe > --- INVENTORY (5) ---- Nuclear Pulse Array Nuclear Pulse Array Improved Propulsion Shielding Peak State ------------ > --- POWER ------------ Improved Ion Engine > --- PROPULSION ------- Xenon Bombardment Thruster Improved Cesium-ion Thruster Improved Cesium-ion Thruster Improved Cesium-ion Thruster > --- UTILITY ---------- Advanced Visual Processing Unit Improved Sensor Array Advanced Terrain Scan Processor Advanced Terrain Scan Processor Seismic Detector Advanced Melee Analysis Suite Improved Propulsion Shielding Improved Propulsion Shielding Improved Propulsion Shielding Improved Medium Armor Plating > --- WEAPON ----------- Great Axe > --- INVENTORY -------- Nuclear Pulse Array Nuclear Pulse Array [Rating: 60] Favorites ----------- Power Reinforced Deuterium Engine Engine Reinforced Deuterium Engine Power Core Nuclear Core Propulsion Improved Cesium-ion Thruster Flight Unit Improved Cesium-ion Thruster Utility Improved Propulsion Shielding Device Improved Terrain Scanner Processor Advanced Terrain Scan Processor Hackware Hacking Suite Protection Improved Propulsion Shielding Weapon Great Axe Ballistic Gun Light Assault Rifle Launcher Rocket Launcher Slashing Weapon Great Axe Special Melee Weapon Datajack Build | -11 -10 -9 -8 -7 -6 -6 -5 ------- Run | Scr Mat Mat Mat Fac Fac DSF Fac Slots Evolved 10 | . . 2 2 2 2 . 2 Power . | . . . . . . . . Propulsion 2 | . . . . 1 1 . . Utility 8 | . . 2 2 1 1 . 2 Weapon . | . . . . . . . . Parts Attached 41 | 1 . 5 7 19 4 1 4 Power 5 | . . 1 . 3 . . 1 Engine 3 | . . 1 . 1 . . 1 Core 2 | . . . . 2 . . . Reactor . | . . . . . . . . Propulsion 10 | . . 3 1 5 1 . . Treads . | . . . . . . . . Leg . | . . . . . . . . Wheel . | . . . . . . . . Hover . | . . . . . . . . Flight 10 | . . 3 1 5 1 . . Utility 22 | . . 1 5 10 2 1 3 Device 7 | . . . 1 3 . . 3 Storage . | . . . . . . . . Processor 6 | . . . 2 3 1 . . Hackware 1 | . . . 1 . . . . Protection 8 | . . 1 1 4 1 1 . Artifact . | . . . . . . . . Weapon 4 | 1 . . 1 1 1 . . Energy Gun . | . . . . . . . . Energy Cannon . | . . . . . . . . Ballistic Gun 1 | 1 . . . . . . . Ballistic Cannon . | . . . . . . . . Launcher 1 | . . . 1 . . . . Special Weapon . | . . . . . . . . Impact Weapon . | . . . . . . . . Slashing Weapon 1 | . . . . . 1 . . Piercing Weapon . | . . . . . . . . Special Melee Weapon 1 | . . . . 1 . . . Unidentified Prototypes 1 | . . . . 1 . . . Parts Lost 13 | . . 2 5 4 . 2 . Power 2 | . . . . 1 . 1 . Propulsion 3 | . . 2 1 . . . . Utility 5 | . . . 2 2 . 1 . Weapon 3 | . . . 2 1 . . . Highest Loss Streak 5 | . . 2 5 2 . 2 . To Critical Strikes . | . . . . . . . . Average Slot Usage (%) 66 | . 14 23 42 78 88 89 88 Engine 1 | . . 1 . 2 . . 2 Core 1 | . . . . 1 6 3 . Flight 18 | . . 8 9 23 25 26 23 Device 4 | . . . 1 6 . . 11 Processor 17 | . . . 11 22 23 26 23 Hackware 2 | . . . 4 4 . . . Protection 13 | . . 2 8 13 26 26 20 Ballistic Gun 3 | . 14 11 6 . . . . Slashing Weapon 1 | . . . . . 5 6 5 Naked Turns . | . . . . . . . . Heaviest Build 24 | 1 1 7 4 18 22 22 24 Greatest Support 24 | 3 3 8 4 18 24 24 24 Greatest Overweight (x) 1 | . . . . 1 . . . Average Overweight (x) . | . . . . . . . . Largest Inventory Capacity 5 | 5 5 5 5 5 5 5 5 Average Capacity 5 | 5 5 5 5 5 5 5 5 Most Carried 5 | 4 5 5 5 5 4 5 5 Average Carried 4 | 4 4 4 4 3 2 3 4 Final Capacity 5 | 5 5 5 5 5 5 5 5 Final Carried 5 | 4 5 5 5 5 3 5 5 Class Distribution -------------------- 43% | Scout 30% | Sprinter 23% | Mutant Dominant Class ---------------- Mutant | -10/Materials Mutant | -9/Materials Mutant | -8/Materials Scout | -7/Factory Sprinter | -6/Factory Sprinter | -6/DSF Sprinter | -5/Factory Resources | -11 -10 -9 -8 -7 -6 -6 -5 ----------- Run | Scr Mat Mat Mat Fac Fac DSF Fac Matter Collected 567 | 167 . 32 23 55 . . 290 Remotely . | . . . . . . . . Salvage Created 465 | . . 45 116 . . . 304 Parts 35 | . . 5 20 . . . 10 Haulers Intercepted . | . . . . . . . . Recyclers Shooed . | . . . . . . . . Parts Field Recycled . | . . . . . . . . Retrieved Matter . | . . . . . . . . Parts Self-Destructed . | . . . . . . . . Prevented . | . . . . . . . . Kills | -11 -10 -9 -8 -7 -6 -6 -5 ------- Run | Scr Mat Mat Mat Fac Fac DSF Fac Combat Hostiles Destroyed 12 | . . 3 9 . . . . Guns 3 | . . 3 . . . . . AOE 9 | . . . 9 . . . . Classes Destroyed 4 | . . 1 1 . . . 2 Worker 1 | . . . . . . . 1 Recycler 2 | . . . . . . . 2 Swarmer 10 | . . 3 7 . . . . Grunt 2 | . . . 2 . . . . Best Kill Streak 9 | . . 3 9 . . . 3 Combat Bots Only 9 | . . 3 9 . . . . Max Kills in Single Turn 4 | . . 1 4 . . . 1 Gunslinging . | . . . . . . . . Exploded 4 | . . . 4 . . . . Melee . | . . . . . . . . Uniques/NPCs Destroyed . | . . . . . . . . Combat | -11 -10 -9 -8 -7 -6 -6 -5 -------- Run | Scr Mat Mat Mat Fac Fac DSF Fac Damage Taken 1944 | . . 182 537 605 . 466 154 Core 778 | . . 76 275 208 . 190 29 Absorbed by Shields 69 | . . . . . . 69 . Redirected to Shielding 122 | . . . . 75 . 24 23 Core Remaining (%) 79 | 100 100 81 50 70 . 77 . Volleys Fired 12 | . . 9 3 . . . . Largest 1 | . . 1 1 . . . . Hottest 33 | . . 20 33 . . . . Shots Fired 12 | . . 9 3 . . . . Gun 10 | . . 9 1 . . . . Cannon . | . . . . . . . . Launcher 2 | . . . 2 . . . . Special . | . . . . . . . . Kinetic 10 | . . 9 1 . . . . Thermal . | . . . . . . . . Explosive 2 | . . . 2 . . . . Electromagnetic . | . . . . . . . . Robot Hit Streak 4 | . . 4 4 . . . . Robot Miss Streak 2 | . . 1 2 . . . . Penetration Max . | . . . . . . . . Secondary Targets . | . . . . . . . . Shots Hit Robots 11 | . . 7 1 . . . 3 Core Hits 16 | . . 4 10 . . . 2 Critical Kills . | . . . . . . . . Critical Parts Destroyed . | . . . . . . . . Critical Strikes . | . . . . . . . . Melee Attacks 3 | . . . . . . . 3 Impact . | . . . . . . . . Slashing 3 | . . . . . . . 3 Piercing . | . . . . . . . . Sneak Attacks 3 | . . . . . . . 3 Combat Hostiles . | . . . . . . . . Follow-up Attacks . | . . . . . . . . Damage Inflicted 952 | . . 57 637 . . . 258 Guns 65 | . . 57 8 . . . . Cannons . | . . . . . . . . Explosions 629 | . . . 629 . . . . Melee 258 | . . . . . . . 258 Ramming . | . . . . . . . . Kinetic 65 | . . 57 8 . . . . Thermal . | . . . . . . . . Explosive 629 | . . . 629 . . . . Electromagnetic . | . . . . . . . . Impact . | . . . . . . . . Slashing 258 | . . . . . . . 258 Piercing . | . . . . . . . . Highest Corruption . | . . . . . . . . Average Corruption . | . . . . . . . . Corruption Purged . | . . . . . . . . Corruption Blocked . | . . . . . . . . Overload Shots . | . . . . . . . . Overflow Damage 50 | . . . . . . . 50 Projectiles . | . . . . . . . . Explosions . | . . . . . . . . Melee 50 | . . . . . . . 50 Knockbacks . | . . . . . . . . Impact . | . . . . . . . . Kinetic . | . . . . . . . . Secondary . | . . . . . . . . Self-Inflicted Damage 153 | . . . 153 . . . . Shots 3 | . . . 3 . . . . Rammed . | . . . . . . . . Targets Rammed . | . . . . . . . . Kicked . | . . . . . . . . Crushed . | . . . . . . . . Highest Temperature 43 | . . 1 3 43 . . . Average Temperature 14 | . . 1 3 19 . . . Received Heat Transfer 366 | . . 75 126 156 . . 9 Siege Activations . | . . . . . . . . Robots Corrupted . | . . . . . . . . Combat Hostiles . | . . . . . . . . Parts Fried . | . . . . . . . . Impact Corruptions . | . . . . . . . . Robots Melted . | . . . . . . . . Combat Hostiles . | . . . . . . . . Parts Melted . | . . . . . . . . Heat Transferred . | . . . . . . . . Parts Sabotaged . | . . . . . . . . Parts Stolen . | . . . . . . . . Parts Stripped . | . . . . . . . . Power Chain Reactions . | . . . . . . . . Missiles Intercepted . | . . . . . . . . Alert | -11 -10 -9 -8 -7 -6 -6 -5 ------- Run | Scr Mat Mat Mat Fac Fac DSF Fac Peak Influence 409 | . 23 115 409 390 186 133 148 Initial 186 | . . 9 48 181 186 133 58 Average 145 | . 16 44 168 212 186 126 84 Maximum Alert Level 2 | . . . 2 1 . . . Low Security (%) 74 | 100 100 100 78 39 100 100 100 Level 1 25 | . . . 17 60 . . . Level 2 . | . . . 4 . . . . Level 3 . | . . . . . . . . Level 4 . | . . . . . . . . Level 5 . | . . . . . . . . High Security . | . . . . . . . . Max Security . | . . . . . . . . Squads Dispatched 10 | . . 1 2 6 . 1 . Investigation 5 | . . 1 . 4 . . . Extermination . | . . . . . . . . Reinforcement 5 | . . . 2 2 . 1 . Assault . | . . . . . . . . Garrison . | . . . . . . . . Intercept . | . . . . . . . . Searches Triggered . | . . . . . . . . Construction Impeded . | . . . . . . . . Haulers Reinforced . | . . . . . . . . Active Scanning Responses . | . . . . . . . . Cargo Convoy Interrupts . | . . . . . . . . Stealth | -11 -10 -9 -8 -7 -6 -6 -5 --------- Run | Scr Mat Mat Mat Fac Fac DSF Fac Distress Signals . | . . . . . . . . Communications Jammed . | . . . . . . . . Distress Signals . | . . . . . . . . Times Spotted 84 | . 3 11 30 27 . 4 9 Peak Tracking Total 24 | . 3 7 24 10 . 4 5 Tactical Retreats 6 | . . . 1 4 . . 1 Traps | -11 -10 -9 -8 -7 -6 -6 -5 ------- Run | Scr Mat Mat Mat Fac Fac DSF Fac Traps Triggered 5 | . . . . 1 1 2 1 Indirectly . | . . . . . . . . Trap Hack Attempts . | . . . . . . . . Triggered . | . . . . . . . . Disarmed . | . . . . . . . . Reprogrammed . | . . . . . . . . Reused . | . . . . . . . . Traps Extracted . | . . . . . . . . Installed . | . . . . . . . . Triggered . | . . . . . . . . Machines | -11 -10 -9 -8 -7 -6 -6 -5 ---------- Run | Scr Mat Mat Mat Fac Fac DSF Fac Machines Disabled 1 | . . . 1 . . . . Max in Single Turn 1 | . . . 1 . . . . Machines Sabotaged . | . . . . . . . . Garrisons Compromised . | . . . . . . . . Overloaded Fab Kills . | . . . . . . . . Hacking | -11 -10 -9 -8 -7 -6 -6 -5 --------- Run | Scr Mat Mat Mat Fac Fac DSF Fac Machines Accessed 16 | . 2 3 3 7 1 . . Terminals 16 | . 2 3 3 7 1 . . Fabricators . | . . . . . . . . Repair Stations . | . . . . . . . . Recycling Units . | . . . . . . . . Scanalyzers . | . . . . . . . . Garrison Access . | . . . . . . . . Total Hacks 61 | . 7 14 13 26 1 . . Successful 22 | . 3 5 5 8 1 . . Failed 39 | . 4 9 8 18 . . . Catastrophic 5 | . 1 . 2 2 . . . Database Lockouts . | . . . . . . . . Manual 44 | . 7 11 12 14 . . . Terminals 61 | . 7 14 13 26 1 . . Fabricators . | . . . . . . . . Repair Stations . | . . . . . . . . Recycling Units . | . . . . . . . . Scanalyzers . | . . . . . . . . Garrison Access . | . . . . . . . . Terminal Hacks 12 | . 1 3 2 5 1 . . Open DSF 1 | . . . . . 1 . . Branch Access Points 3 | . . 1 1 1 . . . Terminal Index 4 | . 1 1 1 1 . . . Unreport Threat 2 | . . 1 . 1 . . . Zone Layout 2 | . . . . 2 . . . Fabricator Hacks . | . . . . . . . . Repair Station Hacks . | . . . . . . . . Recycling Unit Hacks . | . . . . . . . . Scanalyzer . | . . . . . . . . Garrison Access Hacks . | . . . . . . . . Unauthorized Hacks 10 | . 2 2 3 3 . . . Terminals 10 | . 2 2 3 3 . . . Botnet 10 | . 2 2 3 3 . . . Fabricators . | . . . . . . . . Repair Stations . | . . . . . . . . Recycling Units . | . . . . . . . . Scanalyzers . | . . . . . . . . Garrison Access . | . . . . . . . . Data Cores Recovered . | . . . . . . . . Used . | . . . . . . . . Hacking Detections 15 | . 2 3 3 7 . . . Full Trace Events 6 | . . 1 1 4 . . . Feedback Events . | . . . . . . . . Feedback Blocked . | . . . . . . . . Robot Schematics Acquired . | . . . . . . . . Robots Built . | . . . . . . . . Authchips . | . . . . . . . . Time . | . . . . . . . . Total Robot Build Rating . | . . . . . . . . Part Schematics Acquired . | . . . . . . . . Parts Built . | . . . . . . . . Authchips . | . . . . . . . . Time . | . . . . . . . . Total Part Build Rating . | . . . . . . . . Parts Repaired . | . . . . . . . . Time . | . . . . . . . . Parts Recycled . | . . . . . . . . Recycled Matter . | . . . . . . . . Retrieved Matter . | . . . . . . . . Retrieved Components . | . . . . . . . . Parts Scanalyzed . | . . . . . . . . Part Schematics Acquired . | . . . . . . . . Parts Damaged . | . . . . . . . . Bothacking | -11 -10 -9 -8 -7 -6 -6 -5 ------------ Run | Scr Mat Mat Mat Fac Fac DSF Fac Used RIF Installer . | . . . . . . . . Robots Hacked . | . . . . . . . . Non-combat . | . . . . . . . . Combat . | . . . . . . . . Robot Hacks Applied . | . . . . . . . . Relay Couplers Released . | . . . . . . . . Fabnet Peak Effective % . | . . . . . . . . Robots Rewired . | . . . . . . . . Allies Hacked . | . . . . . . . . Hacks Repelled . | . . . . . . . . Allies | -11 -10 -9 -8 -7 -6 -6 -5 -------- Run | Scr Mat Mat Mat Fac Fac DSF Fac Total Allies . | . . . . . . . . Largest Group . | . . . . . . . . Highest-Rated Group . | . . . . . . . . Highest-Rated Ally . | . . . . . . . . Total Orders . | . . . . . . . . Ally Attacks . | . . . . . . . . Total Damage . | . . . . . . . . Kills . | . . . . . . . . Allies Corrupted . | . . . . . . . . Allies Melted . | . . . . . . . . Intel | -11 -10 -9 -8 -7 -6 -6 -5 ------- Run | Scr Mat Mat Mat Fac Fac DSF Fac Robot Analysis Total . | . . . . . . . . Derelict Logs Recovered . | . . . . . . . . Drone Launches . | . . . . . . . . Drone Recoveries . | . . . . . . . . Exploration | -11 -10 -9 -8 -7 -6 -6 -5 ------------- Run | Scr Mat Mat Mat Fac Fac DSF Fac Turns Passed 738 | 1 55 75 98 279 62 43 125 Spaces Moved 1581 | 1 102 122 218 670 143 55 270 Core 155 | 1 102 46 . 6 . . . Treads . | . . . . . . . . Legs . | . . . . . . . . Wheels . | . . . . . . . . Hover . | . . . . . . . . Flight 1426 | . . 76 218 664 143 55 270 Fastest Speed 27 | 50 50 34 35 29 27 27 27 Average Speed 32 | 50 50 40 35 30 27 27 27 Slowest Speed 100 | 50 50 50 35 100 27 27 27 Overloaded Moves . | . . . . . . . . Propulsion Burnouts . | . . . . . . . . Robots Hopped 33 | . . 3 9 15 . . 6 Cave-ins Triggered . | . . . . . . . . Exploration Rate (%) 26 | 2 30 16 37 28 6 83 10 Regions Visited 7 Branch Regions . Pre-discovered Areas . | . . . . . . . . Known Exits Taken 1 | . . . . . 1 . . Unknown Exits Taken 5 | 1 1 1 1 1 . . . Scrap Searched . | . . . . . . . . Spaces Dug . | . . . . . . . . Terrain Destroyed 44 | . . . 44 . . . . Melee . | . . . . . . . . Projectile . | . . . . . . . . AOE 44 | . . . 44 . . . . Terrain Rammed . | . . . . . . . . Walls Destroyed . | . . . . . . . . Machines Disabled . | . . . . . . . . Actions | -11 -10 -9 -8 -7 -6 -6 -5 --------- Run | Scr Mat Mat Mat Fac Fac DSF Fac Total 1754 | 1 106 134 228 728 165 82 310 Wait 70 | . . . . 33 . . 37 Move 1509 | . 101 115 200 639 142 54 258 Hop 32 | . . 3 8 15 . . 6 Pick Up 25 | . 3 1 5 13 1 2 . Fast Attach 18 | . . 4 5 5 1 . 3 Attach 19 | 1 . 1 2 10 3 1 1 Detach 3 | . . . 1 1 . . 1 Swap 4 | . . . . 4 . . . Drop 17 | . 2 1 4 8 . 1 1 Fire 12 | . . 9 3 . . . . Melee 3 | . . . . . . . 3 Ram . | . . . . . . . . Kick . | . . . . . . . . Crush . | . . . . . . . . Escape Stasis 42 | . . . . . 18 24 . Rewire . | . . . . . . . . Trap . | . . . . . . . . Miscellaneous . | . . . . . . . . Route ------- -11/Scrapyard -10/Materials -9/Materials (discovered 4 exits: *Mat / Min x2 / Sto) -8/Materials -7/Factory (discovered 3 exits: *Fac / *Low x2) -6/Factory -6/DSF -5/Factory History --------- Turn | Location | Event 1 | -11/Scrapyard | Released all parts (6) 2 | -11/Scrapyard | Discovered new exit (range 0) 2 | -11/Scrapyard | Entered Materials 50 | -10/Materials | Discovered new exit (range 16) 57 | -10/Materials | Entered another Materials area 57 | -9/Materials | Evolved 2 slots: Utility x2 82 | -9/Materials | Identified exit to Mines 82 | -9/Materials | Identified exit to Storage 130 | -9/Materials | Discovered new exit (range 4) 132 | -9/Materials | Entered another Materials area 132 | -8/Materials | Evolved 2 slots: Utility x2 227 | -8/Materials | Discovered new exit (range 10) 230 | -8/Materials | Entered Factory 230 | -7/Factory | Evolved 2 slots: Propulsion x1, Utility x1 237 | -7/Factory | Destroyed 9 combat bots 251 | -7/Factory | Lost 5 parts (1n2u2w) 390 | -7/Factory | Identified exit to Lower Caves 505 | -7/Factory | Discovered new exit (range 12) 509 | -7/Factory | Entered another Factory area 509 | -6/Factory | Evolved 2 slots: Propulsion x1, Utility x1 571 | -6/Factory | Identified exit to DSF 571 | -6/Factory | Entered DSF 602 | -6/DSF | Additional patrols routed to DSF 610 | -6/DSF | Discovered new exit (range 15) 614 | -6/DSF | Entered Factory 614 | -5/Factory | Evolved 2 slots: Utility x2 739 | -5/Factory | Self-destructed Last Messages --------------- 00649_ K-01 Serf collects debris. 00651_ Sneak attack on K-01 Serf. 00651_ K-01 Serf destroyed. 00654_ Acquired 21 matter. 00666_ Sneak attack on R-10 Processor. 00666_ R-10 Processor destroyed. 00669_ Sneak attack on R-10 Processor. 00669_ Destroyed Com. Wheel. 00669_ R-10 Processor destroyed. 00672_ Acquired Imp. Ion Engine. 00674_ Acquired 151 matter. 00675_ Acquired 118 matter. 00677_ Acquired Hpw. Tractor Beam. 00678_ Dropped Hpw. Tractor Beam. 00692_ Connecting with DSF Access... 00692_ Current location identified: Factory 00706_ K-01 Serf collects debris. 00715_ K-01 Serf cleans the Power Conduit. 00730_ Triggered Fusion Bomb Trap. 00730_ An explosion rips through the floor. Map ----- +----------------------------------------------------+ | ?????????????????????????????????????????????????? | | ?????????????????????????????????????????????????? | | ?????????????????????????????????????????????????? | | ?????????????????????????????????????????????????? | | ?????????????????????????????????????????????????? | | ?????????????????????????????????????????????????? | | ?????? ???????????????????????????????????????? | | ????# ???????????????????????????????????????? | | ????# ???????????????????????????????????????? | | ???# #???????????? #????????????????????????? | | ??# T??????????? #????????????????????????? | | ??# ?????" ???? #????????????????????????? | | ? ?# #??"""" """" #????????????????????????? | | ? ?# #? """" """" #????????????????????????? | | ? " # #? #????????????????????????? | | ??" # #? """" """" !#????????????????????????? | | ??? / #? """" """" ##########???#???????????? | | ????# #???""" """" # ?! #???????????? | | ????# #?????" """" # """ """ #???????????? | | ????# #??????? ?# """ """ #???????????? | | ????# ##########+#### """ """ #???????????? | | ????# # #???????????? | | ????# # """ """ #???????????? | | ????# + """ """ #???????????? | | ????# # """ """ #???????????? | | ????# #@ #???????????? | | ##### ###+########### ! #???????????? | | # ## # ????????# #???????????? | | # ??????# #???????????? | | # """""""????##############???????????? | | # ???????????????????????????? | | # """"""""" #?????????????????????????? | | # #?????????????????????????? | | # """"""""" #?????????????????????????? | | # #?????????????????????????? | | #"S ????????????????????????????? | | " #""" ! ?????????????????????????????? | | " # # "" ???????????????????????????????? | | # # ? ????????????????????????????????? | | =# ############???????????????????????????? | | " # #? ???????????????????????????? | | " # # ?????????????????????????????? | | # # """"" "??????????????????????????????? | | # + """"" "??????????????????????????????? | | # # """ """????????????????????????????? | | # # ??????????????????????????? | | ##### #?###########??????????????????????????? | | ?######+#######??????????????????????????????????? | | ?# ! ######### ???????????????? | | ?# + ???????????????? | +----------------------------------------------------+ Best States ------------- Heat Dissipation 40 Energy Generation 16 Energy Capacity 290 Matter Stores 290 Matter Capacity 300 Sight Range 20 Robot Scan Range 15 Terrain Scan Range 16 Terrain Scan Density 610 Armor Coverage 225 Propulsion Shielding 66 Evasion (%) 71 Melee Accuracy 8 Offensive Hacking 10 Item Schematics ----------------- None Robot Schematics ------------------ None Fabricated ------------ Nothing Alien Tech Used ----------------- None Achievements -------------- None Challenges ------------ None Game ------ Seed TacticalHardenedCutter Manual? 0 Play Time 00:27:51 Cumulative 146.7 hours Start 2022.05.01 @ 20:31:47 End 2022.05.01 @ 20:56:18 Sessions 1 Manual Loads 0 Difficulty Rogue Special Mode None Game No. 217 Rogue 216 Adventurer 0 Explorer 1 Win Type - Total 6 Types 6/0/0/0/0/0/0/0/0 Lore% 60 Gallery% 62 Achievement% 50 Wizard Run 0 Options --------- ASCII 1 Keyboard 0 Movement Vi Keybinds 0 Fullscreen 1 Font 18/SmallcapsGlow Map View 76x50 Tactical HUD 1 Map Filters NONE Filters NONE Steam 1 RUN: 7328c62f-0b6b-41e7-8ef9-cf3e117d6ae2